 Dungeon Crawl Stone Soup version 0.26-a0-638-gcca6ad1b57 (webtiles) character file.

Game seed: 16195619988899952318

584 DogServant the Digger (level 7, 0/36 HPs)
             Began as a Gargoyle Earth Elementalist on Sept 14, 2020.
             Slain by an orc wizard
             ... wielding a +0 dagger
              (1 damage)
             ... on level 4 of the Dungeon.
             The game lasted 00:10:29 (4717 turns).

DogServant the Digger (Gargoyle Earth Elementalist) Turns: 4717, Time: 00:10:30

Health: 0/36       AC:  6    Str: 12    XL:     7   Next: 37%
Magic:  14/14      EV: 12    Int: 17    God:
Gold:   125        SH:  0    Dex: 10    Spells: 15/16 levels left

rFire    . . .     SeeInvis .   q - +0 scythe
rCold    . . .     Faith    .   (shield currently unavailable)
rNeg     + . .     Spirit   .   c - +0 robe
rPois    ∞         Reflect  .   (no helmet)
rElec    +         Harm     .   (no cloak)
rCorr    .         Rampage  .   (no gloves)
MR       .....                  (no boots)
Stlth    ++........             (no amulet)
HPRegen  0.12/turn              (no ring)
MPRegen  0.14/turn              (no ring)

@: no status effects
A: negative energy resistance 1, electricity resistance, unbreathing,
petrification resistance, rot immunity, AC +4
a: no special abilities


You were on level 4 of the Dungeon.
You visited 1 branch of the dungeon, and saw 4 of its levels.

You collected 125 gold pieces.

Inventory:

Hand Weapons
 a - a +0 dagger
 q - a +0 scythe (weapon)
Armour
 c - a +0 robe (worn)
 e - a +0 leather armour
 f - a cursed -2 leather armour
 m - a +2 cloak of poison resistance
Jewellery
 s - an uncursed ring of poison resistance {unknown}
Scrolls
 d - 3 scrolls of remove curse {unknown}
 g - 4 scrolls of magic mapping {unknown}
 j - 2 scrolls of blinking {unknown}
 k - 6 scrolls of identify {unknown}
 l - 2 scrolls of teleportation {unknown}
 o - a scroll of immolation {unknown}
 r - a scroll of amnesia {unknown}
Potions
 i - 2 potions of ambrosia
 n - a potion of berserk rage {unknown}
 p - a potion of flight {unknown}
 t - a potion of resistance


   Skills:
   Level 0.0 Staves
 - Level 1.6 Dodging
 - Level 2.2 Stealth
 + Level 5.1 Spellcasting
   Level 0.7 Transmutations
 + Level 7.6 Earth Magic


You had 15 spell levels left.
You knew the following spells:

 Your Spells              Type           Power        Failure   Level
a - Sandblast             Erth           ####..       1%          1

Your spell library contained the following spells:

 Spells                   Type           Power        Failure   Level
 Passwall                 Tmut/Erth      ###.....     3%          2
 Stone Arrow              Conj/Erth      ###...       9%          3
 Lee's Rapid Deconstruct  Erth           ####......   17%         5
 Petrify                  Tmut/Erth      ###.....     26%         4


Dungeon Overview and Level Annotations

Branches:
Dungeon (4/15)
 Temple: D:4-7

Altars:
Xom
The Shining One


Innate Abilities, Weirdness & Mutations

You are resistant to torment.
Your stone body is resilient. (AC +4)
You are immune to poison.
You resist negative energy. (rN+)
You are resistant to electric shocks. (rElec)
You can survive without breathing.
You are immune to petrification.
You are immune to rotting.


Message History

You miss something.
You hear some strange, mumbled words.
A puff of flame appears from out of thin air!
The puff of flame hits you!
You hear some strange, mumbled words.
A magic dart appears from out of thin air!
The magic dart hits you!
* * * LOW HITPOINT WARNING * * *
You miss something.
Something hits you but does no damage. x2
You barely miss something.
An orc wizard appears from thin air!
Reactivating autopickup.
The orc wizard points at you and mumbles some strange words.
The magic dart hits you.
* * * LOW HITPOINT WARNING * * *
The orc wizard hits you but does no damage.
You closely miss the orc wizard.
The orc wizard is heavily wounded.
The orc wizard completely misses you.
The orc wizard hits you with a +0 dagger.
You die...

#.## #..# #..## #######
#...# #.....###...# ##
#..........######. ####
#...........##....
#..#...#####................
#......ooo@.............###
#......#####..######..### #
#........ #### ##..## .
......oo.# ##..##.
.......o.. ##..#.
.........## ##... .........#
##... ........## #.... #....


You could see an orc wizard and 2 orcs.

Vanquished Creatures
  Sigmund (D:3)
  An ogre (D:4)
  An orc priest (D:3)
  Crazy Yiuf (D:3)
  An iguana (D:4)
  An orc wizard (D:3)
  A worker ant (D:2)
  Terence (D:2)
  3 adders (D:2)
  4 gnolls (D:4)
  An ooze (D:3)
  4 worms
  12 dart slugs
  3 leopard geckos
  5 orcs
  3 giant cockroaches
  12 goblins
  7 hobgoblins
  3 jackals (D:2)
  A quokka (D:3)
  A ball python (D:2)
  6 bats
  3 frilled lizards
  8 kobolds
  6 rats
90 creatures vanquished.

Notes
Turn   | Place    | Note
-------+----------+-------------------------------------------
     0 | D:1      | DogServant the Gargoyle Earth Elementalist began the quest
                  | for the Orb.
     0 | D:1      | Reached XP level 1. HP: 10/10 MP: 3/3
   110 | D:1      | Reached skill level 4 in Earth Magic
   132 | D:1      | Reached XP level 2. HP: 13/15 MP: 3/5
   581 | D:1      | You fall into a shaft and drop 1 floor!
   674 | D:2      | Reached XP level 3. HP: 19/19 MP: 4/6
   898 | D:2      | Reached skill level 5 in Earth Magic
   898 | D:2      | Reached XP level 4. HP: 15/24 MP: 2/8
   965 | D:2      | Noticed Terence
   991 | D:2      | You fall into a shaft and drop 1 floor!
  1071 | D:3      | Found a runed translucent door.
  1072 | D:3      | Noticed Crazy Yiuf
  1079 | D:3      | HP: 1/24 [Crazy Yiuf/+3 quarterstaff of chaos (11)]
  1081 | D:3      | Killed Crazy Yiuf
  1609 | D:3      | Reached XP level 5. HP: 20/28 MP: 4/10
  2362 | D:2      | Found a shimmering altar of Xom.
  2689 | D:2      | Killed Terence
  2689 | D:2      | Reached skill level 6 in Earth Magic
  2843 | D:2      | Found a glowing golden altar of the Shining One.
  3003 | D:3      | Reached XP level 6. HP: 25/32 MP: 8/12
  3090 | D:3      | Noticed Sigmund
  3101 | D:3      | Killed Sigmund
  3585 | D:4      | Reached skill level 7 in Earth Magic
  3585 | D:4      | Reached XP level 7. HP: 16/36 MP: 8/14
  3899 | D:4      | Reached skill level 5 in Spellcasting
  4716 | D:4      | HP: 1/36 [orc wizard/magic dart (3)]
  4717 | D:4      | Slain by an orc wizard

Illustrated notes

Levels and vault maps discovered:
D:1:      tarquinn_simple_flora_water_d, layout_loops_ring
D:2:      layout_loops_ring, nicolae_overflow_crystal_walls, lemuel_round_altar,
          minmay_misc_feat_four_crosses, uniq_terence
D:3:      layout_basic, uniq_crazy_yiuf_cottage, uniq_sigmund
D:4:      kennysheep_slugbush, layout_cave_pods, cheibrodos_sewer_entry_bend

Skill      XL: |  1  2  3  4  5  6  7 |
---------------+----------------------+-----
Earth Magic    | 4 5 6 7 |  7.6
Spellcasting   | 3 4 5 |  5.1
Dodging        | |  1.6
Stealth        | |  2.2
Transmutations | |  0.7

Action                   |  1- 3 |  4- 6 |  7- 9 || total
-------------------------+-------+-------+-------++-------
Melee: Dagger            |    62 |    63 |       ||   125
       Unarmed           |     6 |       |       ||     6
       Scythe            |       |    22 |    37 ||    59
 Cast: Sandblast         |    24 |    66 |    20 ||   110
  Use: Potion            |       |     3 |     1 ||     4
 Stab: Sleeping          |     3 |     1 |       ||     4
       Distracted        |     1 |       |       ||     1
Armor: Robe              |    30 |    55 |    18 ||   103
Dodge: Dodged            |    48 |    88 |    24 ||   160

Table legend: (Time is in decaauts)
 A = Elapsed time spent in this place.
 B = Non-inter-level travel time spent in this place.
 C = Inter-level travel time spent in this place.
 D = Time resting spent in this place.
 E = Time spent auto-exploring this place.
 F = Levels seen in this place.
 G = Mean time per level.
                   A        B        C        D        E       F      G
               +--------+--------+--------+--------+--------+-----+--------+
         Total |   4803 |   4718 |     85 |   1407 |   2418 |   4 | 1200.8 |
       Dungeon |   4803 |   4718 |     85 |   1407 |   2418 |   4 | 1200.8 |
               +--------+--------+--------+--------+--------+-----+--------+

Top non-repeatable levels by time:
     D:3: 1885 daAuts
     D:2: 1591 daAuts
     D:4: 745 daAuts
     D:1: 580 daAuts
